 Dungeon Crawl Stone Soup version 0.29-a0-582-ge82337ba6a (webtiles) character file.

Game seed: 13087058393424666519

83 zeratav the Stinger (level 4, 0/27 HPs)
             Began as an Octopode Venom Mage on June 15, 2022.
             Slain by a bat (1 damage)
             ... on level 2 of the Dungeon.
             The game lasted 00:03:22 (1601 turns).

zeratav the Stinger (Octopode Venom Mage)           Turns: 1601, Time: 00:03:23

Health: 0/27       AC:  1    Str:  5 (7)  XL:     4   Next: 44%
Magic:  5/8        EV: 13    Int: 17 (19) God:
Gold:   84         SH:  0    Dex:  9 (12) Spells: 7/8 levels left

rFire   . . .      SeeInvis .   j - +0 short sword {short}
rCold   . . .      Faith    .   (no shield)
rNeg    . . .      Spirit   .   (helmet restricted)
rPois   .          Reflect  .   (no amulet)
rElec   .          Harm     .   (no ring)
rCorr   .          Rampage  .   (no ring)
Will    .....                   (no ring)
Stlth   +++.......              (no ring)
HPRegen 0.09/turn               (no ring)
MPRegen 0.11/turn               (no ring)
                                (no ring)
                                (no ring)

@: no status effects
A: almost no armour, amphibious, 8 rings, camouflage 1, gelatinous body 1,
(nimble swimmer 1), tentacles
a: no special abilities


You were on level 2 of the Dungeon.
You visited 1 branch of the dungeon, and saw 2 of its levels.

You collected 84 gold pieces.


Innate Abilities, Weirdness & Mutations

You cannot wear most types of armour.
You are amphibious.
You can wear up to eight rings at the same time.
Your skin changes colour to match your surroundings (Stealth+).
Your rubbery body absorbs attacks. (AC +1, EV +1)
((You are camouflaged when in or above water. (Stealth+)))
You have tentacles for arms and can constrict up to eight enemies at once.


   Skills:
 - Level 2.0 Dodging
 - Level 2.6 Stealth
 + Level 2.8 Spellcasting
 - Level 1.0 Transmutations
 * Level 5.5 Poison Magic


You had 7 spell levels left.
You knew the following spells:

 Your Spells              Type           Power      Damage    Failure   Level
a - Sting                 Tmut/Pois      52%        1d5       4%          1

Your spell library contained the following spells:

 Spells                   Type           Power      Damage    Failure   Level
 Poisonous Vapours        Pois/Air       22%        N/A       9%          2
 Foxfire                  Conj/Fire      8%         2x1d4     19%         1
 Shock                    Conj/Air       8%         1d3       19%         1
 Olgreb's Toxic Radiance  Pois           21%        N/A       19%         4
 Mephitic Cloud           Conj/Pois/Air  8%         N/A       26%         3
 Conjure Flame            Conj/Fire      2%         6-21      47%         3
 Inner Flame              Hex/Fire       2%         N/A       47%         3
 Flame Wave               Conj/Fire      2%         2d4       87%         4
 Agony                    Necr           2%         N/A       99%         5
 Chain Lightning          Conj/Air       1%         3d1       100%        9

Inventory:

Hand Weapons
 j - a +0 short sword (weapon) {short}
   (You took it off a kobold on level 1 of the Dungeon)
Armour
 n - a +0 buckler
   (You found it on level 1 of the Dungeon)
Scrolls
 c - a scroll of blinking {unknown}
 e - 4 scrolls of identify {unknown}
 f - a scroll of fog {unknown}
 h - a scroll of magic mapping {unknown}
 m - a scroll of fear {unknown}
Potions
 a - a potion of magic
 b - a potion of attraction {unknown}
 d - a potion of brilliance {unknown}
 i - a potion of degeneration {!q@e2}
 k - a potion of flight {unknown}
 l - a potion of invisibility {unknown}

Dungeon Overview and Level Annotations

Branches:
Dungeon (2/15)

Altars:

Shops:
D:1 ( D:2

= ....... ### ....... ...
....... ). ..<.... .# ..
....... ##.# .. #.....h
#..# ###. #..b#####.# #..
#@.....# #.# ### #......#
##.# ... #.#
####......####..##... #.#
#.# #................†..#
#.# #.#
#.##.........†##...## ..#
#.# #.##.........###.###
#.#
#.#.####.#######.##.....##
#8# #.#.......#
#..#####...
#.####.#####.#.###
#.#####..##


You could see a jackal and a bat.


Message History

An adder comes into view.
The jackal bites you.
* * * LOW HITPOINT WARNING * * *
HP[-2] MP[-1]
You take 2 damage, and now have 11/27 hp.
You lost 1 mp, and now have 5/8 mp.
You closely miss the jackal.
The adder hisses angrily.
You grab the jackal.
You constrict the jackal, but do no damage.
A bat comes into view.
The jackal misses you.
You barely miss the jackal. You constrict the jackal.
The jackal barely misses you.
The jackal bites you but does no damage.
A frilled lizard comes into view.
You barely miss the jackal.
You constrict the jackal, but do no damage.
The jackal closely misses you. The jackal bites you.
* * * LOW HITPOINT WARNING * * *
HP[-2]
You take 2 damage, and now have 9/27 hp.
You hit the jackal but do no damage. You constrict the jackal.
The jackal bites you.
* * * LOW HITPOINT WARNING * * *
HP[-2]
You take 2 damage, and now have 7/27 hp.
You hit the jackal.
You kill the jackal!
The adder closely misses you.
MP[+1]
You miss the adder. Your grab misses the adder. Your squeeze misses the adder.
The adder bites you.
* * * LOW HITPOINT WARNING * * *
You are lethally poisoned!
The adder poisons you!
HP[-2]
You take 2 damage, and now have 5/27 hp.
It was a potion of degeneration.
There was something very wrong with that liquid.
You feel weakened.
You feel dopey.
You feel clumsy.
* * * LOW HITPOINT WARNING * * *
You feel sick. The adder completely misses you. The adder closely misses you.
HP[-2]
You take 2 damage, and now have 3/27 hp.
It was a potion of curing.
You feel better. The adder closely misses you.
HP[+7]
You regained 7 hp, and now have 10/27 hp.
You closely miss the adder. Your grab misses the adder. You squeeze the adder.
The adder barely misses you.
You barely miss the adder. Your grab misses the adder.
The adder barely misses you. The adder completely misses you.
You closely miss the adder. Your grab misses the adder. You squeeze the adder.
The adder misses you.
You closely miss the adder. Your grab misses the adder.
Your squeeze misses the adder. The adder barely misses you.
The adder closely misses you.
You hit the adder. Your grab misses the adder.
The adder bites you but does no damage.
You hit the adder. Your grab misses the adder. The adder bites you.
* * * LOW HITPOINT WARNING * * *
You are poisoned.
The adder poisons you!
HP[-1] MP[+1]
You take 1 damage, and now have 9/27 hp.
You closely miss the adder. Your grab misses the adder.
Your squeeze misses the adder.
You feel sick. The adder bites you.
* * * LOW HITPOINT WARNING * * *
The adder misses you.
HP[-6]
You take 6 damage, and now have 3/27 hp.
MASSIVE DAMAGE!! (PAUSE)
You hit the adder but do no damage. Your grab misses the adder.
* * * LOW HITPOINT WARNING * * *
You feel sick. The adder closely misses you.
Casting: Sting (safe; 4% risk of failure)
Confirm with . or Enter, or press ? or * to list all spells.
Aiming: Sting (safe; 4% risk of failure)
Press: ? - help, Shift-Dir - straight line, f - adder
Aim: an adder (almost dead, 53% to hit)
The sting hits the adder.
The adder is poisoned.
You kill the adder!
* * * LOW HITPOINT WARNING * * *
You feel sick. The bat barely misses you.
The frilled lizard hisses.
HP[-1] MP[-1]
You take 1 damage, and now have 2/27 hp.
You lost 1 mp, and now have 6/8 mp.
Casting: Sting (safe; 4% risk of failure)
Confirm with . or Enter, or press ? or * to list all spells.
Aiming: Sting (safe; 4% risk of failure)
Press: ? - help, Shift-Dir - straight line, f - frilled lizard
Aim: a frilled lizard (53% to hit)
The sting hits the frilled lizard.
The frilled lizard is poisoned.
You kill the frilled lizard!
* * * LOW HITPOINT WARNING * * *
You feel sick.
You are no longer poisoned.
The bat hits you.
You die...

Skill      XL: |  1  2  3 |
---------------+----------+-----
Poison Magic   | 4 5 |  5.5
Dodging        | |  2.0
Stealth        | |  2.6
Spellcasting   | |  2.8
Transmutations | |  1.0

Action                   |  1- 3 |  4- 6 || total
-------------------------+-------+-------++-------
Melee: Short sword       |    40 |    31 ||    71
       Tentacles         |     9 |     4 ||    13
       Constrict         |    14 |     7 ||    21
       Punch             |     1 |       ||     1
 Fire: Hunting sling     |    11 |       ||    11
 Cast: Sting             |     7 |    15 ||    22
  Use: Potion            |       |     2 ||     2
 Stab: Sleeping          |     8 |       ||     8
Armor: Skin              |     5 |     5 ||    10
Dodge: Dodged            |    28 |    32 ||    60

Levels and vault maps discovered:
D:1:      dreamdust_arrival_beginning_and_end, layout_loops_ring, serial_shops,
          nicolae_shop_stone, dreamdust_ecumenical_altar_hidden_monk_grotto
D:2:      layout_rooms, serial_shops, nicolae_shop_statue_plus, basic_altar,
          kennysheep_nub

Notes
Turn   | Place    | Note
-------+----------+-------------------------------------------
     0 | D:1      | zeratav the Octopode Venom Mage began the quest for the
                  | Orb.
     0 | D:1      | Reached XP level 1. HP: 11/11 MP: 3/3
     0 | D:1      | magus.rc [v1.9.6]
    23 | D:1      | Reached skill level 4 in Poison Magic
    23 | D:1      | Reached XP level 2. HP: 8/17 MP: 0/5
   189 | D:1      | You pick up a book of Flames and begin reading...
   189 | D:1      | You add the spells Foxfire, Conjure Flame, Inner Flame and
                  | Flame Wave to your library.
   305 | D:1      | Found Sarat's Weapon Shoppe.
   520 | D:1      | Reached XP level 3. HP: 19/21 MP: 6/6
   926 | D:1      | Found a faded altar of an unknown god.
  1217 | D:1      | Reached skill level 5 in Poison Magic
  1283 | D:2      | Reached XP level 4. HP: 27/27 MP: 6/8
  1305 | D:2      | Found Muper's Jewellery Boutique.
  1307 | D:2      | You add the spells Shock, Agony and Chain Lightning to your
                  | library.
  1307 | D:2      | Got Wotte's Tome of Flight and Stolen Souls
  1589 | D:2      | HP: 5/27 [adder (3)]
  1598 | D:2      | HP: 3/27 [adder (4)]
  1601 | D:2      | HP: 1/27 [poisoned by an adder]
  1601 | D:2      | Slain by a bat

Vanquished Creatures
  2 adders (D:2)
  A gnoll (D:1)
  A worm (D:2)
  A dart slug (D:1)
  2 bats (D:1)
  2 endoplasms (D:1)
  A giant cockroach (D:1)
  4 goblins
  2 hobgoblins
  14 jackals
  5 quokkas
  2 ball pythons (D:1)
  2 frilled lizards
  3 kobolds
  2 rats
44 creatures vanquished.

Table legend:
 A = Non-vault XP
 B = Vault XP
 C = Vault XP percentage of total XP
 D = Non-vault monster count
 E = Vault monster count
 F = Vault count percentage of total count
                 A         B        C        D         E       F
            +---------+---------+-------+---------+---------+-------
      Total |     120 |       0 |   0.0 |      44 |       0 |   0.0
            +---------+---------+-------+---------+---------+-------
        D:1 |      66 |       0 |   0.0 |      29 |       0 |   0.0
        D:2 |      54 |       0 |   0.0 |      15 |       0 |   0.0
            +---------+---------+-------+---------+---------+-------

Illustrated notes

Table legend:
 A = Kills in this place as a percentage of kills in entire the game.
 B = Kills by you in this place as a percentage of kills by you in the entire game.
 C = Kills by friends in this place as a percentage of kills by friends in the entire game.
 D = Other kills in this place as a percentage of other kills in the entire game.
 E = Experience gained in this place as a percentage of experience gained in the entire game.
 F = Experience gained in this place divided by the number of levels of this place that you have seen.
                   A       B       C       D       E      F
               +-------+-------+-------+-------+-------+----------------------
         Total | 100.0 | 100.0 |   N/A |   N/A | 100.0 |  60.0
       Dungeon | 100.0 | 100.0 |   N/A |   N/A | 100.0 |  60.0
               +-------+-------+-------+-------+-------+----------------------

Table legend: (Time is in decaauts)
 A = Elapsed time spent in this place.
 B = Non-inter-level travel time spent in this place.
 C = Inter-level travel time spent in this place.
 D = Time resting spent in this place.
 E = Time spent auto-exploring this place.
 F = Levels seen in this place.
 G = Mean time per level.
                   A        B        C        D        E       F      G
               +--------+--------+--------+--------+--------+-----+--------+
         Total |   1612 |   1568 |     44 |    180 |   1123 |   2 |  806.0 |
       Dungeon |   1612 |   1568 |     44 |    180 |   1123 |   2 |  806.0 |
               +--------+--------+--------+--------+--------+-----+--------+

Top non-repeatable levels by time:
     D:1: 1287 daAuts
     D:2: 325 daAuts
